AAA EAST
INDIANAPOLIS INDIANS @ TOLEDO MUD HENS
04/29/2042
 
TOP OF THE 1ST
Indianapolis Indians batting - Pitching for Toledo Mud Hens : LHP António Salas
Pitching: LHP António Salas
Batting: RHB Steve Jenkins 0-0: Ball
1-0: Called Strike
1-1: Ball
2-1: Ball
3-1: Foul Ball, location: 2F
3-2: Base on Balls
Batting: RHB Johnny Owen 0-0: Ball
Steve Jenkins is caught stealing 2nd base 2-4
1-0: Fly out, F4 (Popup, 4D, EV 70.0 MPH)
Batting: LHB Ben Rhodes 0-0: Ball
1-0: Swinging Strike
1-1: Fly out, F7 (Flyball, 7D, EV 91.3 MPH)
Top of the 1st over - 0 runs, 0 hits, 0 errors, 0 left on base; Indianapolis 0 - Toledo 0
BOTTOM OF THE 1ST
Toledo Mud Hens batting - Pitching for Indianapolis Indians : RHP Claude Tolbert
Pitching: RHP Claude Tolbert
Batting: RHB Tache Grigore 0-0: Ball
1-0: Called Strike
1-1: Swinging Strike
1-2: Ball
2-2: SINGLE (Groundball, 6MD, EV 96.3 MPH)
Batting: SHB Luis Alemán 0-0: Ball
Tache Grigore steals 2nd base
1-0: Called Strike
Tache Grigore is caught stealing 3rd base 2-5
1-1: Swinging Strike
1-2: Strikes out looking
Batting: RHB Norm Nelson 0-0: Swinging Strike
0-1: Foul Ball, location: 5DF
0-2: Ball
1-2: Ball
2-2: Ball
3-2: Foul Ball, location: 23F
3-2: Ground out 5-3 (Groundball, 5, EV 85.6 MPH)
Bottom of the 1st over - 0 runs, 1 hit, 0 errors, 0 left on base; Indianapolis 0 - Toledo 0
TOP OF THE 2ND
Indianapolis Indians batting - Pitching for Toledo Mud Hens : LHP António Salas
Batting: RHB Ben Leonard 0-0: Called Strike
0-1: Ball
1-1: Called Strike
1-2: Ball
2-2: Ball
3-2: Ground out 6-3 (Groundball, 6, EV 89.4 MPH)
Batting: RHB Jon Reese 0-0: Swinging Strike
0-1: Ball
1-1: Foul Ball, location: 2F
1-2: Ground out 1-3 (Groundball, 15, EV 73.8 MPH)
Batting: RHB Bob MacKillop 0-0: Ball
1-0: Foul Ball, location: 5SF
1-1: Fly out, F6 (Popup, 6M, EV 52.5 MPH)
Top of the 2nd over - 0 runs, 0 hits, 0 errors, 0 left on base; Indianapolis 0 - Toledo 0
BOTTOM OF THE 2ND
Toledo Mud Hens batting - Pitching for Indianapolis Indians : RHP Claude Tolbert
Batting: LHB Omar Padilla 0-0: Ground out U3 (Groundball, 3, EV 80.0 MPH)
Batting: LHB Kevin Richter 0-0: Called Strike
0-1: Swinging Strike
0-2: Strikes out looking
Batting: LHB José García 0-0: Called Strike
0-1: Ball
1-1: Foul Ball, location: 5SF
1-2: Strikes out looking
Bottom of the 2nd over - 0 runs, 0 hits, 0 errors, 0 left on base; Indianapolis 0 - Toledo 0
TOP OF THE 3RD
Indianapolis Indians batting - Pitching for Toledo Mud Hens : LHP António Salas
Batting: RHB Ty Lewis 0-0: Ball
1-0: SOLO HOME RUN (Flyball, 7D, EV 96.3 MPH), Distance : 374 ft
Batting: RHB Manny Martínez 0-0: Ball
1-0: Ground out 1-3 (Groundball, 25, EV 63.1 MPH)
Batting: LHB Bob Woodley 0-0: Ball
1-0: Called Strike
1-1: Ball
2-1: Called Strike
2-2: SINGLE (Groundball, 4D, EV 105.6 MPH)
Batting: RHB Steve Jenkins 0-0: Ball
1-0: Foul Ball, location: 9LDF
1-1: Ball
2-1: Foul Ball, location: 5FF
2-2: Strikes out looking
Batting: RHB Johnny Owen 0-0: Ball
1-0: Swinging Strike
1-1: Ball
2-1: Swinging Strike
2-2: Ball
3-2: Fly out, F4 (Popup, 34, EV 52.5 MPH)
Top of the 3rd over - 1 run, 2 hits, 0 errors, 1 left on base; Indianapolis 1 - Toledo 0
BOTTOM OF THE 3RD
Toledo Mud Hens batting - Pitching for Indianapolis Indians : RHP Claude Tolbert
Batting: LHB Bruno Howard 0-0: Ball
1-0: Ground out U3 (Groundball, 3, EV 85.0 MPH)
Batting: LHB Jon Bray 0-0: Foul Ball, location: 2F
0-1: Swinging Strike
0-2: Ball
1-2: Ball
2-2: SINGLE (Groundball, 4, EV 97.5 MPH) (infield hit)
Batting: RHB Joe Smith 0-0: Ball
1-0: Ball
2-0: Ball
3-0: Called Strike
3-1: Base on Balls
Jon Bray to second
Batting: RHB Tache Grigore 0-0: Ball
1-0: Called Strike
1-1: Foul Ball, location: 23F
1-2: Foul Ball, location: 7LMF
1-2: Fly out, F8 (Flyball, 8RM, EV 90.6 MPH)
Batting: SHB Luis Alemán 0-0: Ground out 2-3 (Groundball, 15S, EV 73.1 MPH)
Bottom of the 3rd over - 0 runs, 1 hit, 0 errors, 2 left on base; Indianapolis 1 - Toledo 0
TOP OF THE 4TH
Indianapolis Indians batting - Pitching for Toledo Mud Hens : LHP António Salas
Batting: LHB Ben Rhodes 0-0: Ball
1-0: Ball
2-0: Fly out, F2 (Popup, 25F, EV 85.0 MPH)
Batting: RHB Ben Leonard 0-0: Ball
1-0: Foul Ball, location: 3FF
1-1: Ball
2-1: Swinging Strike
2-2: TRIPLE (Groundball, 3L, EV 102.5 MPH)
Batting: RHB Jon Reese 0-0: Called Strike
0-1: Ball
1-1: Ball
2-1: Ball
3-1: Called Strike
3-2: Foul Ball, location: 2F
3-2: Foul Ball, location: 9LDF
3-2: SINGLE (Groundball, 4MS, EV 75.6 MPH) (infield hit)
Ben Leonard scores
Batting: RHB Bob MacKillop 0-0: Fly out, F6 (Popup, 6, EV 59.4 MPH)
Batting: RHB Ty Lewis 0-0: Ball
1-0: SINGLE (Line Drive, 4D, EV 102.5 MPH)
Jon Reese to second
Batting: RHB Manny Martínez 0-0: Ball
1-0: Ball
2-0: Called Strike
2-1: Foul Ball, location: 3FF
2-2: Fly out, F8 (Flyball, 8LS, EV 97.5 MPH)
Top of the 4th over - 1 run, 3 hits, 0 errors, 2 left on base; Indianapolis 2 - Toledo 0
BOTTOM OF THE 4TH
Toledo Mud Hens batting - Pitching for Indianapolis Indians : RHP Claude Tolbert
Batting: RHB Norm Nelson 0-0: Ball
1-0: Ball
2-0: Ball
3-0: Called Strike
3-1: Called Strike
3-2: Base on Balls
Batting: LHB Omar Padilla 0-0: Ball
1-0: Ball
2-0: Ball
3-0: Swinging Strike
3-1: Foul Ball, location: 2F
3-2: Foul Ball, location: 2F
3-2: Strikes out swinging
Norm Nelson steals 2nd base
Batter strikes out.
Batting: LHB Kevin Richter 0-0: Ball
1-0: Foul Ball, location: 9LMFF
1-1: Called Strike
1-2: Ball
2-2: Foul Ball, location: 7LSF
2-2: Foul Ball, location: 2F
2-2: SINGLE (Groundball, 13S, EV 63.1 MPH) (infield hit)
Norm Nelson to third
Batting: LHB José García 0-0: Ball
1-0: Swinging Strike
1-1: Called Strike
Kevin Richter steals 2nd base
1-2: Ball
2-2: Foul Ball, location: 2F
2-2: Ground out 1-3 (Groundball, 13S, EV 76.9 MPH)
Batting: LHB Bruno Howard 0-0: Ball
1-0: Called Strike
1-1: Foul Ball, location: 2F
1-2: 3-RUN HOME RUN (Flyball, 9LD, EV 93.8 MPH), Distance : 347 ft
Batting: LHB Jon Bray 0-0: Ball
1-0: Foul Ball, location: 25FF
1-1: Ball
2-1: Ground out 6-3 (Groundball, 6, EV 83.1 MPH)
Bottom of the 4th over - 3 runs, 2 hits, 0 errors, 0 left on base; Indianapolis 2 - Toledo 3
TOP OF THE 5TH
Indianapolis Indians batting - Pitching for Toledo Mud Hens : LHP António Salas
Batting: LHB Bob Woodley 0-0: Fly out, F4 (Popup, 34D, EV 67.5 MPH)
Batting: RHB Steve Jenkins 0-0: Called Strike
0-1: Ball
1-1: Foul Ball, location: 2F
1-2: Foul Ball, location: 2F
1-2: Ball
2-2: Ball
3-2: Strikes out swinging
Batting: RHB Johnny Owen 0-0: DOUBLE (Line Drive, 89D, EV 101.3 MPH)
Batting: LHB Ben Rhodes 0-0: Called Strike
0-1: Ball
1-1: Ball
2-1: Ball
3-1: Called Strike
3-2: Foul Ball, location: 2F
3-2: Fly out, F8 (Flyball, 8LD, EV 99.4 MPH)
Top of the 5th over - 0 runs, 1 hit, 0 errors, 1 left on base; Indianapolis 2 - Toledo 3
BOTTOM OF THE 5TH
Toledo Mud Hens batting - Pitching for Indianapolis Indians : RHP Claude Tolbert
Batting: RHB Joe Smith 0-0: Swinging Strike
0-1: Ball
1-1: Swinging Strike
1-2: Ball
2-2: Foul Ball, location: 7LMF
2-2: Foul Ball, location: 2F
2-2: Foul Ball, location: 5FF
2-2: Ground out 6-3 (Groundball, 6, EV 78.1 MPH)
Batting: RHB Tache Grigore 0-0: Ball
1-0: Ball
2-0: Ball
3-0: Base on Balls
Batting: SHB Luis Alemán 0-0: Ball
1-0: Foul Ball, location: 2F
1-1: Called Strike
1-2: Ball
2-2: Ball
3-2: Strikes out swinging
Batting: RHB Norm Nelson 0-0: Called Strike
Tache Grigore steals 2nd base
0-1: Ball
Wild Pitch!
Tache Grigore to third
1-1: Ball
2-1: Swinging Strike
2-2: Ground out 6-3 (Groundball, 6, EV 86.9 MPH)
Bottom of the 5th over - 0 runs, 0 hits, 0 errors, 1 left on base; Indianapolis 2 - Toledo 3
TOP OF THE 6TH
Indianapolis Indians batting - Pitching for Toledo Mud Hens : LHP António Salas
Batting: RHB Ben Leonard 0-0: Swinging Strike
0-1: Called Strike
0-2: Strikes out looking
Batting: RHB Jon Reese 0-0: Called Strike
0-1: Foul Ball, location: 5FF
0-2: Ball
1-2: Ball
2-2: Ball
3-2: Foul Ball, location: 2F
3-2: Foul Ball, location: 9LDF
3-2: Strikes out swinging
Batting: RHB Bob MacKillop 0-0: Called Strike
0-1: Fly out, F8 (Flyball, 8RD, EV 88.1 MPH)
Top of the 6th over - 0 runs, 0 hits, 0 errors, 0 left on base; Indianapolis 2 - Toledo 3
BOTTOM OF THE 6TH
Toledo Mud Hens batting - Pitching for Indianapolis Indians : RHP Claude Tolbert
Batting: LHB Omar Padilla 0-0: Ball
1-0: Called Strike
1-1: Foul Ball, location: 7LDF
1-2: Ball
2-2: Foul Ball, location: 23FF
2-2: DOUBLE (Line Drive, 89M, EV 94.4 MPH)
Batting: LHB Kevin Richter 0-0: Intentional Walk
Batting: LHB José García 0-0: Ball
1-0: Called Strike
1-1: Ball
2-1: Ball
3-1: Swinging Strike
3-2: Strikes out swinging
Pitching: RHP Alex Thompson
Batting: LHB Bruno Howard 0-0: Swinging Strike
0-1: Ball
1-1: Foul Ball, location: 7LMF
1-2: Ball
2-2: Strikes out swinging
Batting: LHB Jon Bray 0-0: Foul Ball, location: 2F
0-1: Ball
1-1: SINGLE (Line Drive, 8RS, EV 105.6 MPH)
Omar Padilla to third
Kevin Richter to second
Batting: RHB Joe Smith 0-0: Foul Ball, location: 2F
0-1: Ball
1-1: Ball
2-1: Fly out, F2 (Popup, 3SF, EV 76.3 MPH)
Bottom of the 6th over - 0 runs, 2 hits, 0 errors, 3 left on base; Indianapolis 2 - Toledo 3
TOP OF THE 7TH
Indianapolis Indians batting - Pitching for Toledo Mud Hens : LHP António Salas
Batting: RHB Ty Lewis 0-0: Called Strike
0-1: Swinging Strike
0-2: Strikes out looking
Batting: RHB Manny Martínez 0-0: Called Strike
0-1: Ball
1-1: Swinging Strike
1-2: Ground out 4-3 (Groundball, 4, EV 110.0 MPH)
Pinch Hitting: RHB Tim Horton 0-0: Called Strike
0-1: Ball
1-1: Ball
2-1: Swinging Strike
2-2: Ball
3-2: Base on Balls
Pitching: LHP Cisco Rodríguez
Batting: RHB Steve Jenkins 0-0: Called Strike
0-1: Called Strike
0-2: Ball
Tim Horton is caught stealing 2nd base 2-4
Top of the 7th over - 0 runs, 0 hits, 0 errors, 0 left on base; Indianapolis 2 - Toledo 3
BOTTOM OF THE 7TH
Toledo Mud Hens batting - Pitching for Indianapolis Indians : RHP Alex Thompson
Now in RF: Tim Horton
Batting: RHB Tache Grigore 0-0: Ball
1-0: Called Strike
1-1: Ball
2-1: Foul Ball, location: 5F
2-2: Foul Ball, location: 7LSF
2-2: Foul Ball, location: 2F
2-2: Ground out 5-3 (Groundball, 56, EV 105.0 MPH)
Batting: SHB Luis Alemán 0-0: Foul Ball, location: 7LDF
0-1: Called Strike
0-2: Strikes out swinging
Batting: RHB Norm Nelson 0-0: Ball
1-0: Called Strike
1-1: Called Strike
1-2: Ground out 6-3 (Groundball, 6, EV 85.6 MPH)
Bottom of the 7th over - 0 runs, 0 hits, 0 errors, 0 left on base; Indianapolis 2 - Toledo 3
TOP OF THE 8TH
Indianapolis Indians batting - Pitching for Toledo Mud Hens : LHP Cisco Rodríguez
Batting: RHB Steve Jenkins 0-0: Ball
1-0: SINGLE (Line Drive, 89S, EV 96.9 MPH)
Batting: RHB Johnny Owen 0-0: Ball
1-0: Ball
2-0: Sac Bunt to 2L - play at first, batter OUT! 2-3
Steve Jenkins to second
Batting: RHB Alan Lounsbury 0-0: Ball
1-0: Ball
2-0: Swinging Strike
2-1: Called Strike
2-2: Ball
3-2: Fly out, F8 (Flyball, 8LM, EV 93.1 MPH)
Batting: RHB Ben Leonard 0-0: Called Strike
0-1: Foul Ball, location: 9LDF
0-2: Ball
1-2: Ball
2-2: Ball
3-2: Base on Balls
Batting: RHB Jon Reese 0-0: Swinging Strike
0-1: Ball
1-1: Ball
2-1: Swinging Strike
2-2: Foul Ball, location: 2LF
2-2: Foul Ball, location: 5FF
2-2: Strikes out swinging
Top of the 8th over - 0 runs, 1 hit, 0 errors, 2 left on base; Indianapolis 2 - Toledo 3
BOTTOM OF THE 8TH
Toledo Mud Hens batting - Pitching for Indianapolis Indians : RHP Alex Thompson
Batting: LHB Omar Padilla 0-0: Called Strike
0-1: Fly out, F9 (Flyball, 89S, EV 82.5 MPH)
Batting: LHB Kevin Richter 0-0: Ground out 4-3 (Groundball, 4, EV 78.1 MPH)
Batting: LHB José García 0-0: Ball
1-0: Fly out, F8 (Line Drive, 89M, EV 87.5 MPH)
Bottom of the 8th over - 0 runs, 0 hits, 0 errors, 0 left on base; Indianapolis 2 - Toledo 3
TOP OF THE 9TH
Indianapolis Indians batting - Pitching for Toledo Mud Hens : LHP Cisco Rodríguez
Pitching: RHP Joey Hankins
Batting: RHB Bob MacKillop 0-0: Called Strike
0-1: Ball
1-1: DOUBLE (Groundball, 5L, EV 98.1 MPH)
Batting: RHB Ty Lewis 0-0: Called Strike
0-1: Ball
1-1: Foul Ball, location: 2F
1-2: Ball
2-2: SINGLE (Line Drive, 4MD, EV 69.4 MPH)
Bob MacKillop to third
Pinch Hitting: LHB Jim Gilbert 0-0: Ball
1-0: Fly out, F8 (Flyball, 8LM, EV 94.4 MPH)
Runner from 3rd tags up, SCORES, throw by CF
Batting: RHB Tim Horton 0-0: Ball
1-0: Called Strike
1-1: Ball
2-1: Ball
3-1: Sac Bunt to 23 - play at first, batter safe!
Ty Lewis to second
Batting: RHB Steve Jenkins 0-0: Called Strike
0-1: Fly out, F7 (Line Drive, 78M, EV 98.1 MPH)
Batting: RHB Johnny Owen 0-0: Foul Ball, location: 7LMF
0-1: Foul Ball, location: 2F
0-2: Ball
1-2: Ball
2-2: Foul Ball, location: 9LDF
2-2: Ball
3-2: Fly out, F8 (Line Drive, 8RM, EV 102.5 MPH)
Top of the 9th over - 1 run, 3 hits, 0 errors, 2 left on base; Indianapolis 3 - Toledo 3
BOTTOM OF THE 9TH
Toledo Mud Hens batting - Pitching for Indianapolis Indians : RHP Alex Thompson
Now at C: Lance Egberts
Batting: LHB Bruno Howard 0-0: Called Strike
0-1: Called Strike
0-2: Ball
1-2: Ball
2-2: Strikes out looking
Batting: LHB Jon Bray 0-0: Fly out, F8 (Flyball, 8RD, EV 84.4 MPH)
Pinch Hitting: LHB António García 0-0: Called Strike
0-1: Ball
1-1: Ground out U3 (Groundball, 34, EV 88.8 MPH)
Bottom of the 9th over - 0 runs, 0 hits, 0 errors, 0 left on base; Indianapolis 3 - Toledo 3
TOP OF THE 10TH
Indianapolis Indians batting - Pitching for Toledo Mud Hens : RHP Joey Hankins
Pitching: RHP José Flores
Now at C: Ken Miller
Batting: RHB Alan Lounsbury 0-0: Ground out 5-3 (Groundball, 5S, EV 67.5 MPH)
Batting: RHB Ben Leonard 0-0: Called Strike
0-1: Called Strike
0-2: Foul Ball, location: 2F
0-2: Ball
1-2: Ball
2-2: Ball
3-2: Strikes out swinging
Batting: RHB Jon Reese 0-0: Called Strike
0-1: Ball
1-1: Called Strike
1-2: Foul Ball, location: 23FF
1-2: Foul Ball, location: 9LMF
1-2: Ground out 6-3 (Groundball, 6S, EV 66.3 MPH)
Top of the 10th over - 0 runs, 0 hits, 0 errors, 0 left on base; Indianapolis 3 - Toledo 3
BOTTOM OF THE 10TH
Toledo Mud Hens batting - Pitching for Indianapolis Indians : RHP Alex Thompson
Pitching: RHP Bob Haynes
Batting: RHB Tache Grigore 0-0: Ground out 6-3 (Groundball, 6, EV 88.1 MPH)
Batting: SHB Luis Alemán 0-0: Ground out 3-1 (Groundball, 34, EV 89.4 MPH)
Pinch Hitting: SHB Jorge Figueroa 0-0: Ball
1-0: Ball
2-0: Ball
3-0: Base on Balls
Batting: LHB Omar Padilla 0-0: Ground out 4-3 (Groundball, 34, EV 90.0 MPH)
Bottom of the 10th over - 0 runs, 0 hits, 0 errors, 1 left on base; Indianapolis 3 - Toledo 3
TOP OF THE 11TH
Indianapolis Indians batting - Pitching for Toledo Mud Hens : RHP José Flores
Now at SS: Jorge Figueroa
Batting: RHB Bob MacKillop 0-0: Ball
1-0: Ball
2-0: Ball
3-0: Base on Balls
Batting: RHB Ty Lewis 0-0: Bunted foul
0-1: Bunted foul
0-2: Ball
1-2: Ball
2-2: Ball
3-2: Base on Balls
Bob MacKillop to second
Batting: RHB Lance Egberts 0-0: Ball
1-0: Sac Bunt to 25 - play at third, runner OUT! 5-6
Ty Lewis to second
Batting: RHB Tim Horton 0-0: Ball
1-0: Ball
2-0: Called Strike
2-1: Fly out, F8 (Flyball, 78S, EV 91.3 MPH)
Batting: RHB Steve Jenkins 0-0: SINGLE (Line Drive, 9LS, EV 90.0 MPH)
Ty Lewis to third
Lance Egberts to second
Runner from 3rd tries for Home, SAFE, throw by RF to home
Batting: RHB Johnny Owen 0-0: Fly out, F9 (Flyball, 89S, EV 86.9 MPH)
Top of the 11th over - 1 run, 1 hit, 0 errors, 2 left on base; Indianapolis 4 - Toledo 3
BOTTOM OF THE 11TH
Toledo Mud Hens batting - Pitching for Indianapolis Indians : RHP Bob Haynes
Now in RF: Lúcio Aguilar
Batting: LHB Kevin Richter 0-0: Ball
1-0: Ball
2-0: Ball
3-0: Called Strike
3-1: Base on Balls
Batting: LHB José García 0-0: Swinging Strike
0-1: Ball
1-1: Foul Ball, location: 2F
1-2: Ball
2-2: Strikes out swinging
Batting: LHB Bruno Howard 0-0: Ball
1-0: Foul Ball, location: 2F
1-1: Fly out, F7 (Flyball, 7, EV 80.0 MPH)
Batting: LHB Jon Bray 0-0: Foul Ball, location: 9LSF
0-1: Swinging Strike
0-2: Fly out, F7 (Flyball, 7, EV 91.3 MPH)
Bottom of the 11th over - 0 runs, 0 hits, 0 errors, 1 left on base; Indianapolis 4 - Toledo 3
Friday, May 3rd , 2024 - OOTP Baseball 24.10 Build 82